 Dungeon Crawl Stone Soup version 0.22.1-1-ga44c0e56f4 (webtiles) character file.

371 Mjsee792 the Skirmisher (level 6, -4/90 HPs)
             Began as a Minotaur Berserker on Oct 14, 2018.
             Was a Priest of Trog.
             Slain by an orc warrior
             ... wielding a +0 long sword
              (17 damage)
             ... on level 5 of the Dungeon.
             The game lasted 00:02:59 (2664 turns).

Mjsee792 the Skirmisher (Minotaur Berserker)        Turns: 2664, Time: 00:03:00

Health: -4/90      AC:  2    Str: 26    XL:     6   Next: 42%
Magic:  5/5        EV: 14    Int:  4    God:    Trog [***...]
Gold:   188        SH:  0    Dex: 12    Spells: 5/5 levels left

rFire    . . .     SeeInvis .   a - +0 spear
rCold    . . .     Gourm    .   (no shield)
rNeg     . . .     Faith    .   b - +0 animal skin
rPois    .         Spirit   .   (helmet restricted)
rElec    .         Reflect  .   (no cloak)
rCorr    .         Harm     .   (no gloves)
MR       .....                  (no boots)
Stlth    ..........             (no amulet)
HPRegen  0.25/turn              (no ring)
MPRegen  0.09/turn              (no ring)

@: berserking, very quick
A: retaliatory headbutt, horns 2
a: Berserk, Trog's Hand, Renounce Religion


You were on level 5 of the Dungeon.
You worshipped Trog.
Trog was most pleased with you.
You were hungry.

You visited 1 branch of the dungeon, and saw 5 of its levels.

You collected 188 gold pieces.

Inventory:

Hand Weapons
 a - a +0 spear (weapon)
Armour
 b - a +0 animal skin (worn)
Jewellery
 q - a +5 ring of protection {unknown}
Scrolls
 e - 4 scrolls of remove curse {unknown}
 f - 5 scrolls of identify {unknown}
 g - 3 scrolls of enchant weapon {unknown}
 i - a scroll of amnesia {unknown}
 j - a scroll of fog {unknown}
 m - 3 scrolls of teleportation {unknown}
 n - a scroll of immolation {unknown}
 s - a scroll of blinking {unknown}
 t - a scroll of fear {unknown}
Potions
 d - 2 potions of curing {unknown}
 h - a potion of haste {unknown}
 k - a potion of magic {unknown}
 l - a potion of degeneration {unknown}
 o - 2 potions of might {unknown}
 p - a potion of heal wounds {unknown}
 r - a potion of ambrosia {unknown}
 u - 2 potions of brilliance {unknown}
Comestibles
 c - 6 rations


   Skills:
 + Level 7.3 Fighting
 - Level 3.6 Polearms
 + Level 3.5 Armour
 + Level 4.2 Dodging


You had 5 spell levels left.
You didn't know any spells.
Your spell library was empty.

Dungeon Overview and Level Annotations

Branches:
Dungeon (5/15)             Temple (0/1) D:4

Altars:
Qazlal
Trog


Innate Abilities, Weirdness & Mutations

You reflexively headbutt those who attack you in melee.
You have a pair of horns on your head.


Message History

You barely miss the orc warrior.
The orc warrior is heavily wounded.
The orc warrior hits you with a long sword!
* * * LOW HITPOINT WARNING * * *
You hit the orc warrior but do no damage.
Your headbutt misses the orc warrior.
The orc warrior is heavily wounded.
You closely miss the orc warrior. You headbutt the orc warrior.
The orc warrior is severely wounded.
The orc warrior closely misses you.
A red film seems to cover your vision as you go berserk!
You feel yourself moving faster!
You feel mighty!
You are feeling hungry.
The orc warrior closely misses you.
You hit the orc warrior.
The orc warrior is severely wounded.
You hit the orc warrior but do no damage.
The orc warrior is severely wounded.
The orc warrior hits you with a long sword!
You die...

###
#..
#.#
#.#
#.#
#.#
#<#
#@#
#o#
#†...#
#.##.#
... #
..#
.#.#
.#.#
#.#.#


You could see an orc warrior.

Vanquished Creatures
  A bullfrog (D:3)
  A scorpion (D:4)
  Jessica (D:2)
  3 worker ants (D:4)
  3 gnolls (D:2)
  3 adders (D:3)
  An ooze (D:3)
  3 worms (D:3)
  3 dart slugs
  5 orcs
  A ball python (D:4)
  5 bats
  8 giant cockroaches
  8 goblins
  10 hobgoblins
  4 jackals (D:4)
  6 frilled lizards
  9 kobolds
  10 rats
85 creatures vanquished.

Vanquished Creatures (others)
  A worker ant (D:5)
1 creature vanquished.

Grand Total: 86 creatures vanquished

Notes
Turn   | Place    | Note
-------+----------+-------------------------------------------
     0 | D:1      | Mjsee792 the Minotaur Berserker began the quest for the
                  | Orb.
     0 | D:1      | Reached XP level 1. HP: 19/19 MP: 0/0
   256 | D:1      | Reached skill level 4 in Fighting
   323 | D:1      | Reached XP level 2. HP: 25/27 MP: 1/1
   729 | D:1      | Reached XP level 3. HP: 27/34 MP: 2/2
   833 | D:2      | Reached skill level 5 in Fighting
   842 | D:2      | Reached ** piety under Trog
  1152 | D:2      | Reached XP level 4. HP: 42/42 MP: 3/3
  1183 | D:2      | Noticed Jessica
  1186 | D:2      | Killed Jessica
  1420 | D:3      | Noticed a bullfrog
  1424 | D:3      | Killed a bullfrog
  1424 | D:3      | Reached skill level 6 in Fighting
  1424 | D:3      | Reached XP level 5. HP: 34/50 MP: 4/4
  1577 | D:3      | Reached *** piety under Trog
  1581 | D:3      | Found a bloodstained altar of Trog.
  2120 | D:4      | Reached XP level 6. HP: 58/58 MP: 5/5
  2216 | D:4      | Found a staircase to the Ecumenical Temple.
  2295 | D:4      | Reached skill level 7 in Fighting
  2495 | D:4      | Noticed a fire elemental
  2497 | D:4      | Found a stormy altar of Qazlal.
  2498 | D:4      | Noticed an air elemental
  2498 | D:4      | Noticed a water elemental
  2644 | D:5      | Entered Level 5 of the Dungeon
  2648 | D:5      | Noticed an orc warrior
  2664 | D:5      | Slain by an orc warrior

Skill      XL: |  1  2  3  4  5  6 |
---------------+-------------------+-----
Fighting       | 4 5 6 7 |  7.3
Armour         | 3 |  3.5
Dodging        | 3 4 |  4.2
Polearms       | |  3.6

Action                   |  1- 3 |  4- 6 || total
-------------------------+-------+-------++-------
Melee: Spear             |    90 |   162 ||   252
       Headbutt          |    10 |    36 ||    46
Invok: Berserk           |       |     1 ||     1
 Stab: Sleeping          |     1 |     2 ||     3
  Eat: Chunk             |       |     6 ||     6
Armor: Animal skin       |    11 |    17 ||    28
Dodge: Dodged            |    28 |    70 ||    98
